 Dungeon Crawl Stone Soup version 0.21-a0 (webtiles) character file.

51882 tself55 the Severer (level 14, -4/91 (98) HPs)
             Began as a Barachi Berserker on May 18, 2017.
             Was a High Priest of Trog.
             Succumbed to poison (dark miasma)
             ... on level 2 of the Abyss.
             The game lasted 00:38:14 (17960 turns).

tself55 the Severer (Barachi Berserker)            Turns: 17960, Time: 00:38:15

HP:   -4/91 (98)    AC: 24    Str: 22    XL:     14   Next: 61%
MP:   11/11         EV: 12    Int:  9    God:    Trog [*****.]
Gold: 1349          SH:  0    Dex:  8    Spells: 13/13 levels left

rFire    . . .     SeeInvis .   a - +1 battleaxe (flame)
rCold    . . .     Gourm    .   (shield currently unavailable)
rNeg     . . .     Faith    .   K - +0 plate armour
rPois    .         Spirit   .   D - +1 hat
rElec    .         Reflect  .   A - +1 cloak
rCorr    .         Harm     .   i - +0 pair of gloves
MR       +....                  U - +2 pair of boots
Stlth    ..........             (no amulet)
Regen    0.0/turn               H - +3 ring of evasion
MPRegen  0.2/turn               y - +2 ring of slaying

@: lethally poisoned (-4 -> -170), non-regenerating, badly diseased, slowed,
very slow
A: +LOS, swims, [clumsy 2], [frail 2], [low mp 2], slowness 1, [inhibited
regeneration], no potion heal 1, [MP-powered wands], strong legs 2
a: Hop, Berserk, Trog's Hand, Brothers in Arms, Burn Spellbooks, Renounce
Religion


You were on level 2 of the Abyss.
You worshipped Trog.
Trog was extremely pleased with you.
You were hungry.

You visited 2 branches of the dungeon, and saw 16 of its levels.
You visited the Abyss 1 time.

You collected 1349 gold pieces.

Inventory:

Hand Weapons
 a - a +1 battleaxe of flaming (weapon)
 b - a +0 antimagic battleaxe
 G - a +4 longbow of freezing
Missiles
 w - 2 throwing nets (quivered)
 R - 98 arrows
Armour
 i - a +0 pair of gloves (worn)
 A - a +1 cloak (worn)
 D - a +1 hat (worn)
 K - a +0 plate armour (worn)
 U - a +2 pair of boots (worn)
Jewellery
 y - a +2 ring of slaying (right hand)
 H - a +3 ring of evasion (left hand)
Wands
 h - a wand of disintegration (10/24)
 v - a wand of acid (6/15)
 E - a wand of lightning (6/15)
 I - a wand of enslavement (20/24)
 L - a wand of digging (16/24)
 M - a wand of polymorph (15/24)
 O - a wand of paralysis (4/24)
 Q - a wand of acid (6/15)
Scrolls
 g - a scroll of enchant weapon {unknown}
 m - 3 scrolls of teleportation
 p - 3 scrolls of magic mapping
 q - 7 scrolls of remove curse
 u - a scroll of recharging
 x - a scroll of immolation {unknown}
 B - a scroll of noise {unknown}
 C - a scroll of vulnerability {unknown}
 J - a scroll of fear {unknown}
 P - a scroll of fog
 T - a scroll of blinking {unknown}
Potions
 e - 2 potions of heal wounds
 f - 2 potions of haste
 j - 8 potions of mutation
 k - 4 potions of brilliance
 n - 3 potions of magic
 o - 4 potions of ambrosia
 s - a potion of might
 t - 10 potions of curing
 z - a potion of invisibility
 F - 3 potions of resistance
 N - a potion of flight
 S - a potion of cancellation
Comestibles
 c - 16 bread rations
 d - 14 meat rations
 l - 3 chunks of flesh
 r - 11 royal jellies


   Skills:
 + Level 15.3 Fighting
 * Level 18.8 Axes
 + Level 12.2 Armour
 - Level 5.9 Dodging


You had 13 spell levels left.
You didn't know any spells.

Dungeon Overview and Level Annotations

Branches:
Dungeon (10/15)            Temple (0/1) D:6            Lair (6/6) D:10
  Swamp (0/4) Lair:2        Snake (0/4) Lair:3        Slime (0/5) Lair:6
    Orc (0/2) D:10

Altars:
Dithmenos
Fedhas
Qazlal
Sif Muna
Trog
Yredelemnul

Annotations:
D:3 1 runed door
Lair:6 exclusion: oklob plant


Innate Abilities, Weirdness & Mutations

Shadows flee at your approach. (+LOS)
You can swim through water.
You cover ground slowly.
You can hop longer distances.
Potions are less effective at restoring your health.
[You are very clumsy. (Dex -4)]
[You are very frail. (-20% HP)]
[Your magical capacity is very low. (-20% MP)]
[You do not regenerate when monsters are visible.]
[You expend magic power (3 MP) to strengthen your wands.]


Message History

You slice the white imp!! You burn the white imp.
You kill the white imp!
Your plate armour prevents you from hitting the shadow imp.
* * * LOW HITPOINT WARNING * * *
You feel extremely sick.
The shadow imp disappears in a puff of smoke!
The neqoxec gestures at you.
Strange energies course through your body.
Your system partially rejects the healing effects of potions.
Unknown command.
You are suddenly pulled into a different region of the Abyss!
* * * LOW HITPOINT WARNING * * *
You feel extremely sick.
Found a scroll labeled GUCOIL IXIJAKK.
You are too berserk!
You feel a strong urge to attack something.
You are no longer berserk.
You are exhausted.
You feel as though you will be slow longer.
You die...

#. .. #.# #.
#..# ##..#
...# .#..
#... ...
#...## .. #
#...#.##.#
#...#..#
#..@.#
#....?.....#
#..##.#.#...#
#...#.####
...## . ...
#. #.# #. #
##


There were no monsters in sight!

Vanquished Creatures
  2 dire elephants (Lair:6)
  7 hydras
  5 two-headed ogres
  4 death yaks
  Urug (D:10)
  A wretched star (Abyss:2)
  2 unseen horrors
  A death drake (Abyss:2)
  A large abomination (Abyss:2)
  A lindwurm (Lair:4)
  A manticore (Lair:4)
  16 elephants
  Joseph (D:10)
  Maurice (D:8)
  2 black mambas
  Psyche (D:8)
  2 torpor snails (Lair:4)
  6 spiny frogs
  2 rime drakes
  9 komodo dragons
  The ghost of experimilk the Cutter, a novice HaAs (D:4)
  A queen bee (Lair:4)
  3 meliai (Lair:4)
  Grinder (D:5)
  3 trolls
  Prince Ribbit (D:8)
  A hornet (D:10)
  2 polar bears
  5 dream sheep (Lair:5)
  14 blink frogs
  9 hippogriffs
  3 wyverns
  3 small abominations (Abyss:2)
  A spriggan (Lair:5)
  12 yaks
  Sigmund (D:3)
  A human (D:10)
  A wraith (D:10)
  4 hogs (D:10)
  4 basilisks
  3 hungry ghosts
  2 nagas (Lair:3)
  4 wargs (D:10)
  7 porcupines
  11 water moccasins
  A hell hound (Lair:6)
  A black bear (Lair:5)
  5 orc warriors
  3 sky beasts
  A necrophage (D:9)
  5 ogres
  14 wolves
  3 centaurs
  A big kobold (D:10)
  10 crocodiles
  A gnoll sergeant (D:8)
  13 bullfrogs
  4 scorpions
  47 killer bees
  16 wights
  A howler monkey (D:10)
  2 crimson imps (D:5)
  9 jellies
  3 bullfrog zombies
  4 bullfrog skeletons
  6 hounds
  A centaur skeleton (D:8)
  Ijyb (D:3)
  3 iguanas
  5 worker ants
  6 orc wizards
  A hell rat (Lair:4)
  2 hound zombies (D:4)
  A howler monkey zombie (D:4)
  5 worker ant zombies
  4 gnolls (D:8)
  17 adders
  3 shadow imps
  An ooze (D:2)
  3 adder skeletons
  3 worms
  A dart slug (D:3)
  4 leopard geckos
  29 orcs
  A ball python (D:1)
  8 giant cockroaches
  8 goblins
  5 hobgoblins
  14 jackals
  A quokka (D:2)
  A ball python zombie (D:4)
  8 bats
  7 frilled lizards
  A giant cockroach zombie (D:4)
  6 kobolds
  2 leopard gecko zombies
  3 quokka skeletons
  10 rats
  5 fungi
  4 plants
488 creatures vanquished.

Vanquished Creatures (others)
  A killer bee (Lair:4)
  2 bushes
  6 fungi
  6 plants
15 creatures vanquished.

Grand Total: 503 creatures vanquished

Notes
Turn   | Place    | Note
-------+----------+-------------------------------------------
     0 | D:1      | tself55 the Barachi Berserker began the quest for the Orb.
     0 | D:1      | Reached XP level 1. HP: 18/18 MP: 1/1
     2 | D:1      | Noticed a human
     2 | D:1      | Noticed a vine stalker
     4 | D:1      | Noticed an ogre
     4 | D:1      | Noticed a felid
     6 | D:1      | Noticed a spriggan
     6 | D:1      | Noticed a halfling
     8 | D:1      | Noticed an octopode
     8 | D:1      | Noticed a merfolk
    12 | D:1      | Noticed a troll
    12 | D:1      | Noticed a ghoul
    14 | D:1      | Noticed a gargoyle
    16 | D:1      | Noticed a vampire
    16 | D:1      | Noticed an elf
    18 | D:1      | Noticed a tengu
    20 | D:1      | Noticed a demigod
    20 | D:1      | Noticed a demonspawn
    22 | D:1      | Noticed a centaur
    22 | D:1      | Noticed a formicid
    24 | D:1      | Noticed a draconian
    24 | D:1      | Noticed a naga
    26 | D:1      | Noticed a dwarf
    26 | D:1      | Noticed a minotaur
   305 | D:1      | Reached XP level 2. HP: 21/25 MP: 2/2
   644 | D:1      | Reached skill level 4 in Axes
   978 | D:2      | Reached XP level 3. HP: 27/30 MP: 3/3
  1164 | D:2      | Reached ** piety under Trog
  1582 | D:2      | Reached XP level 4. HP: 34/38 MP: 4/4
  1748 | D:3      | Noticed Sigmund
  1766 | D:3      | Killed Sigmund
  1766 | D:3      | Reached skill level 5 in Fighting
  1766 | D:3      | Reached skill level 5 in Axes
  1766 | D:3      | Reached XP level 5. HP: 33/44 MP: 5/5
  1904 | D:3      | Reached XP level 6. HP: 48/51 MP: 6/6
  2053 | D:3      | Found a runed door.
  2053 | D:3      | Noticed a human
  2058 | D:3      | Found a basalt altar of Yredelemnul.
  2594 | D:3      | Noticed Ijyb
  2615 | D:3      | Killed Ijyb
  2979 | D:3      | Reached *** piety under Trog
  3313 | D:4      | Reached skill level 6 in Axes
  3313 | D:4      | Reached XP level 7. HP: 43/57 MP: 7/7
  3911 | D:4      | Noticed experimilk's ghost (novice HaAs)
  3929 | D:4      | Killed experimilk's ghost
  3929 | D:4      | Reached skill level 7 in Axes
  4022 | D:4      | Reached XP level 8. HP: 65/65 MP: 8/8
  4393 | D:4      | Reached skill level 8 in Axes
  4671 | D:5      | Entered Level 5 of the Dungeon
  4806 | D:5      | Reached skill level 5 in Dodging
  4934 | D:5      | Noticed Grinder
  4952 | D:5      | Killed Grinder
  4952 | D:5      | Reached skill level 9 in Axes
  4952 | D:5      | Reached XP level 9. HP: 68/74 MP: 9/9
  5001 | D:5      | Found a bloodstained altar of Trog.
  5310 | D:5      | Reached **** piety under Trog
  5348 | D:5      | Found a stormy altar of Qazlal.
  5870 | D:6      | Found a staircase to the Ecumenical Temple.
  5999 | D:6      | Found a deep blue altar of Sif Muna.
  6016 | D:6      | Reached skill level 10 in Axes
  6317 | D:7      | Reached skill level 5 in Armour
  6861 | D:7      | Reached XP level 10. HP: 83/83 MP: 10/10
  6890 | D:7      | Reached ***** piety under Trog
  6993 | D:8      | Reached skill level 11 in Axes
  7593 | D:8      | Found a blossoming altar of Fedhas.
  7622 | D:8      | Noticed a two-headed ogre
  7626 | D:8      | Killed a two-headed ogre
  7898 | D:8      | Found a shadowy altar of Dithmenos.
  7910 | D:8      | Noticed Maurice
  7917 | D:8      | Killed Maurice
  7917 | D:8      | Reached skill level 10 in Fighting
  8052 | D:8      | Noticed a two-headed ogre
  8055 | D:8      | Noticed a two-headed ogre
  8056 | D:8      | Noticed Psyche
  8061 | D:8      | Killed a two-headed ogre
  8061 | D:8      | Reached skill level 12 in Axes
  8062 | D:8      | Killed a two-headed ogre
  8068 | D:8      | Killed Psyche
  8068 | D:8      | Reached XP level 11. HP: 92/92 MP: 11/11
  8265 | D:8      | Noticed Prince Ribbit
  8281 | D:8      | Killed Prince Ribbit
  8457 | D:9      | Received a gift from Trog
  8791 | D:9      | Reached skill level 13 in Axes
  8826 | D:9      | Noticed a two-headed ogre
  8830 | D:9      | Killed a two-headed ogre
  9364 | D:10     | Entered Level 10 of the Dungeon
  9405 | D:10     | Found a staircase to the Orcish Mines.
  9499 | D:10     | Reached skill level 14 in Axes
  9510 | D:10     | Killed an unseen horror
  9767 | D:10     | Noticed a two-headed ogre
  9780 | D:10     | Killed a two-headed ogre
  9822 | D:10     | Noticed Urug
  9830 | D:10     | Killed Urug
  9830 | D:10     | Reached XP level 12. HP: 102/102 MP: 12/12
  9924 | D:10     | Found a staircase to the Lair.
 10102 | D:10     | Reached skill level 15 in Axes
 10307 | D:10     | Noticed Joseph
 10318 | D:10     | Killed Joseph
 10503 | Lair:1   | Entered Level 1 of the Lair of Beasts
 11899 | Lair:2   | Found a staircase to the Swamp.
 12805 | Lair:3   | Found a staircase to the Snake Pit.
 12934 | Lair:3   | Reached skill level 16 in Axes
 13519 | Lair:4   | Found a runed door.
 13522 | Lair:4   | Noticed an eight-headed hydra
 13527 | Lair:4   | Killed a six-headed hydra
 13527 | Lair:4   | Received a gift from Trog
 13532 | Lair:4   | Gained mutation: You can hop longer distances. [Barachi growth]
 13532 | Lair:4   | Reached XP level 13. HP: 111/111 MP: 13/13
 13656 | Lair:4   | Reached skill level 10 in Armour
 14605 | Lair:4   | Reached skill level 17 in Axes
 15754 | Lair:5   | Received a gift from Trog
 16332 | Lair:5   | Reached XP level 14. HP: 103/121 MP: 14/14
 16411 | Lair:5   | Reached skill level 18 in Axes
 16906 | Lair:6   | Entered Level 6 of the Lair of Beasts
 16906 | Lair:6   | Found a staircase to the Slime Pits.
 17329 | Lair:6   | Reached skill level 15 in Fighting
 17364 | Lair:6   | Noticed a dire elephant
 17373 | Lair:6   | Killed a dire elephant
 17485 | Lair:6   | Noticed a dire elephant
 17498 | Lair:6   | Killed a dire elephant
 17888 | Lair:6   | Cast into level 2 of the Abyss (a wizard)
 17898 | Abyss:2  | Found a corrupted altar of Lugonu.
 17958 | Abyss:2  | Gained mutation: Potions are less effective at restoring your health. [a neqoxec]
 17960 | Abyss:2  | Succumbed to poison (dark miasma)

Vault maps used:
D:1:      kb_arrival_jail, corexii_leaking_fountain
D:3:      dk_yredelemnul_ordeal, uniq_sigmund, uniq_ijyb
D:4:      serial_undead, serial_undead_d, serial_undead_f, serial_undead_a,
          serial_undead_f, serial_undead_b, serial_undead_c, serial_undead_a
D:5:      lightli_temple_of_fire, basic_altar, first_bread,
          kennysheep_flooded_box, uniq_grinder
D:6:      minmay_temple_entry_glassed_door, basic_altar
D:8:      basic_altar, nicolae_dithmenos_the_darkroom, uniq_psyche,
          uniq_prince_ribbit1, uniq_maurice
D:9:      evilmike_butchery
D:10:     lair_entry_dummy, minmay_orc_entry_guard_dogs,
          hangedman_decor_peaks_small, grunt_livestock, kennysheep_kite_vault,
          uniq_joseph, uniq_urug
Lair:2:   swamp_mist_pool, beast_lair_carwin_8
Lair:3:   guppyfry_snake_entry_island
Lair:4:   regret_index_combs_of_tragedy, pf_torpor_hydra
Lair:5:   grunt_forest_stairs_clearing, infiniplex_staircase_pool
Lair:6:   evil_forest, slime_dummy, lemuel_fruit_fields,
          minmay_lair_oklob_chamber
Abyss:2:  due_exit_kobolds

Skill      XL: |  1  2  3  4  5  6  7  8  9 10 11 12 13 14 |
---------------+-------------------------------------------+-----
Fighting       | 4 5 6 7 9 10 12 13 14 15 | 15.3
Axes           | 4 5 6 7 9 10 12 14 16 17 18 | 18.8
Armour         | 3 4 5 8 9 11 12 | 12.2
Dodging        | 3 4 5 |  5.9

Action                   |  1- 3 |  4- 6 |  7- 9 | 10-12 | 13-15 || total
-------------------------+-------+-------+-------+-------+-------++-------
Melee: Hand axe          |    19 |       |       |       |       ||    19
       Dagger            |   104 |    80 |       |       |       ||   184
       War axe           |       |    82 |   362 |   317 |       ||   761
       Battleaxe         |       |       |       |   215 |   456 ||   671
 Fire: Hunting sling     |       |       |    12 |     2 |       ||    14
Invok: Berserk           |       |     2 |    12 |    24 |    15 ||    53
       Trog's Hand       |       |     1 |     3 |     3 |     3 ||    10
       Burn Spellbooks   |       |       |       |     1 |     1 ||     2
 Abil: Hop               |       |     1 |       |       |       ||     1
Evoke: Wand              |       |       |     3 |    11 |     8 ||    22
  Use: Scroll            |       |     3 |     4 |    17 |     4 ||    28
 Stab: Confused          |       |       |     3 |       |       ||     3
       Petrified         |       |       |       |       |     2 ||     2
  Eat: Chunk             |     3 |     8 |    25 |    42 |    25 ||   103
       Bread ration      |       |       |       |     1 |       ||     1
       Royal jelly       |       |       |       |     1 |       ||     1
       Meat ration       |       |       |       |       |     1 ||     1
Armor: Ring mail         |    16 |       |       |       |       ||    16
       Animal skin       |     2 |       |       |       |       ||     2
       Chain mail        |    46 |    93 |   207 |    18 |       ||   364
       Plate armour      |       |       |       |   252 |   243 ||   495
Dodge: Dodged            |    59 |    56 |   178 |   315 |   250 ||   858
